 Dungeon Crawl Stone Soup version 0.31-a0-175-g9f7f995f2b (webtiles) character file.

Game seed: 2451441746318360899

25 qw the Shooter (level 3, -2/21 HPs)
             Began as a Gargoyle Hunter on June 16, 2023.
             Slain by a hobgoblin (3 damage)
             ... led by Robin
             ... on level 2 of the Dungeon.
             The game lasted 00:00:19 (398 turns).

qw the Shooter (Gargoyle Hunter)                     Turns: 398, Time: 00:00:20

Health: -2/21      AC:  6    Str: 14    XL:     3   Next: 6%
Magic:  3/3        EV: 11    Int:  9    God:
Gold:   31         SH:  0    Dex: 15    Spells: 2/2 levels left

rFire   . . .        a - +0 shortbow
rCold   . . .        (shield currently unavailable)
rNeg    + . .        c - +0 leather armour
rPois   inf          (no helmet)
rElec   +            (no cloak)
rCorr   .            (no gloves)
SInv    .            (no boots)
Will    .....        (no amulet)
Stlth   ++           (no ring)
HPRegen 0.23/turn    (no ring)
MPRegen 0.08/turn

%: no passive effects
@: no status effects
A: sickness immunity, AC +3, negative energy resistance 1, electricity
resistance, torment resistance 1, petrification resistance
a: no special abilities


You were on level 2 of the Dungeon.
You visited 1 branch of the dungeon, and saw 2 of its levels.

You collected 31 gold pieces.


Innate Abilities, Weirdness & Mutations

You are immune to sickness and miasma.
Your stone body is resilient. (AC +3)
You are immune to poison.
You resist negative energy. (rN+)
You are resistant to electric shocks. (rElec)
You are resistant to unholy torment.
You are immune to petrification.


   Skills:
 - Level 2.1 Fighting
 + Level 4.9 Ranged Weapons
 - Level 1.5 Dodging
 - Level 1.1 Stealth


You had 2 spell levels left.
You didn't know any spells.
Your spell library was empty.

Inventory:

Hand Weapons
 a - a +0 shortbow (weapon)
Armour
 c - a +0 leather armour (worn)
Scrolls
 b - a scroll of butterflies
Potions
 d - 2 potions of mutation {unknown}
 e - a potion of might {unknown}

Dungeon Overview and Level Annotations

Branches:
Dungeon (1/15)

Altars:


Message History

The goblin hits you but does no damage. x2; The goblin moves out of view.
You shoot an arrow.
The arrow hits Robin but does no damage.
Robin is moderately wounded.
The goblin hits you but does no damage. Robin hits you with a +0 club.
The hobgoblin hits you. The goblin hits you but does no damage.
You shoot an arrow. The arrow barely misses Robin.
The goblin no longer looks unusually strong.
The goblin barely misses you.
Robin says, "Kneel, worm!"
Robin hits you but does no damage. The hobgoblin hits you.
A hobgoblin comes into view.
The hobgoblin barely misses you. The goblin hits you but does no damage.
You shoot an arrow.
The arrow hits Robin but does no damage.
Robin is moderately wounded.
The goblin closely misses you. Robin barely misses you. The hobgoblin hits you.
A goblin comes into view. It is wielding a +0 club.
The hobgoblin hits you. The goblin hits you but does no damage.
You shoot an arrow. The arrow hits Robin.
Robin is severely wounded.
The hobgoblin no longer looks unusually strong.
The goblin barely misses you. The hobgoblin hits you. x2
The goblin barely misses you.
You shoot an arrow.
The arrow hits Robin but does no damage.
Robin is severely wounded.
The goblin hits you but does no damage. Robin hits you but does no damage.
The hobgoblin hits you but does no damage.
The hobgoblin barely misses you. The goblin misses you.
You shoot an arrow. The arrow hits Robin!
You kill Robin!
The goblin no longer looks unusually strong. x2
The goblin closely misses you. The hobgoblin barely misses you.
The hobgoblin hits you but does no damage.
The goblin barely misses you. The goblin closely misses you.
The goblin hits you but does no damage.
The hobgoblin hits you but does no damage.
The goblin hits you but does no damage. The hobgoblin hits you.
You die...

..##.# ## ..##.# ..
#.##.# #. #.##.#
### #.##.##.###....
#...........g# #
####.#.#####g##.##.
#........ggg.....
#.#.....#@g###.#
.......#.#gg#
###.##..#...... #.
#.......#)# #.
##..........
#######...## .. #
...


You could see 2 hobgoblins and 6 goblins.

Vanquished Creatures
  Robin (D:2)
  2 bats (D:1)
  A giant cockroach (D:1)
  2 goblins
  5 hobgoblins
  5 jackals (D:1)
  A quokka (D:1)
  3 kobolds
  2 rats (D:1)
22 creatures vanquished.

Notes
Turn   | Place    | Note
-------+----------+-------------------------------------------
     0 | D:1      | qw the Gargoyle Hunter began the quest for the Orb.
     0 | D:1      | Reached XP level 1. HP: 12/12 MP: 1/1
     0 | D:1      | 0 ||| qw: Version: 0.2-a-29-g511e9b1
     0 | D:1      | 0 ||| qw: Game counter: 69
     0 | D:1      | 0 ||| qw: Always use a shield: true
     0 | D:1      | 0 ||| qw: God list: Okawaru
     0 | D:1      | 0 ||| qw: Allow faded altars: false
     0 | D:1      | 0 ||| qw: Do Orc after D:15 true
     0 | D:1      | 0 ||| qw: Do second Lair branch before Depths: true
     0 | D:1      | 0 ||| qw: Lair rune preference: random
     0 | D:1      | 0 ||| qw: Plans: Normal, Zot:1-4, Slime:5, God:TSO, Crypt,
                  | Tomb, Abyss, Pan, Hells, Win
     0 | D:1      | 0 ||| PLANNING D:1-11
   148 | D:1      | Reached XP level 2. HP: 17/17 MP: 2/2
   192 | D:1      | 192 ||| FLEEEEING.
   193 | D:1      | 193 ||| FLEEEEING.
   194 | D:1      | 194 ||| FLEEEEING.
   197 | D:1      | 197 ||| FLEEEEING.
   202 | D:1      | 202 ||| FLEEEEING.
   220 | D:1      | Found a faded altar of an unknown god.
   364 | D:1      | You fall into a shaft and drop 1 floor!
   377 | D:2      | Reached XP level 3. HP: 21/21 MP: 3/3
   383 | D:2      | Noticed Robin
   396 | D:2      | HP: 2/21 [hobgoblin[Robin] (6)]
   398 | D:2      | Killed Robin
   398 | D:2      | Slain by a hobgoblin

Levels and vault maps discovered:
D:1:      lemuel_arrival_rhombus, layout_basic,
          shapermc_ecumenical_altar_starsandcircs, serial_park_tiny_pond,
          nicolae_the_louvre
D:2:      cheibrodos_fertilizer, layout_loops_cross, kennysheep_path_1,
          minmay_heptomino_d4, uniq_jessica, uniq_robin, uniq_sigmund,
          uniq_terence

Action                     || total
---------------------------++-------
   Fire: Shortbow          ||   101
 Armour: Leather armour    ||    35
  Dodge: Dodged            ||    38

Table legend:
 A = Non-vault XP
 B = Vault XP
 C = Vault XP percentage of total XP
 D = Non-vault monster count
 E = Vault monster count
 F = Vault count percentage of total count
                 A         B        C        D         E       F
            +---------+---------+-------+---------+---------+-------
      Total |      36 |      17 |  32.1 |      20 |       2 |   9.1
            +---------+---------+-------+---------+---------+-------
        D:1 |      32 |       0 |   0.0 |      18 |       0 |   0.0
        D:2 |       4 |      17 |  81.0 |       2 |       2 |  50.0
            +---------+---------+-------+---------+---------+-------
